 Dungeon Crawl Stone Soup version 0.24-a0-29-g43a6aff (console) character file.

Game seed: 17132395954593126108

9 Duffy the Chopper (level 2, 0/26 HPs)
             Began as a Naga Gladiator on Feb 2, 2019.
             Slain by a leopard gecko (1 damage)
             ... on level 1 of the Dungeon.
             The game lasted 00:00:07 (14 turns).

Duffy the Chopper (Naga Gladiator)                    Turns: 14, Time: 00:00:08

Health: 0/26       AC:  3    Str: 16    XL:     2   Next: 12%
Magic:  2/2        EV: 10    Int:  8    God:
Gold:   0          SH:  0    Dex: 12    Spells: 1/1 levels left

rFire    . . .     SeeInvis +   a - +0 war axe
rCold    . . .     Gourm    .   (no shield)
rNeg     . . .     Faith    .   b - +0 leather armour
rPois    +         Spirit   .   c - +0 helmet
rElec    .         Reflect  .   (no cloak)
rCorr    .         Harm     .   (no gloves)
MR       .....                  (no barding)
Stlth    +.........             (no amulet)
HPRegen  0.08/turn              (no ring)
MPRegen  0.08/turn              (no ring)

@: very slow
A: large, see invisible, deformed body, poison resistance, slowness 2, slow
metabolism 1, spit poison 1, AC +0
a: Spit Poison


You were on level 1 of the Dungeon.
You were not hungry.

You visited 1 branch of the dungeon, and saw 1 of its levels.

Inventory:

Hand Weapons
 a - a +0 war axe (weapon)
Missiles
 d - 3 throwing nets (quivered)
Armour
 b - a +0 leather armour (worn)
 c - a +0 helmet (worn)
Comestibles
 f - a ration


   Skills:
 - Level 2.0 Fighting
 + Level 3.6 Axes
 - Level 1.7 Throwing
 - Level 2.4 Dodging


You had one spell level left.
You didn't know any spells.
Your spell library was empty.

Dungeon Overview and Level Annotations

Branches:
Dungeon (1/15)

Altars:


Innate Abilities, Weirdness & Mutations

You cannot wear boots.
Your serpentine skin is tough. (AC +0)
You have supernaturally acute eyesight. (SInv)
Armour fits poorly on your strangely shaped body.
Your system is resistant to poisons. (rPois)
You cover ground very slowly.
You have a slow metabolism.
You can spit poison.


Message History

The leopard gecko bites you but does no damage.
You closely miss the leopard gecko.
The leopard gecko is moderately wounded.
The jackal barks!
You hit the jackal. You closely miss the goblin. The jackal bites you.
The leopard gecko closely misses you. The goblin closely misses you.
The jackal bites you.
You miss the goblin. You closely miss the leopard gecko.
You closely miss the jackal. The leopard gecko bites you.
The jackal closely misses you. The goblin hits you with a +0 dagger.
The leopard gecko hisses menacingly.
The leopard gecko barely misses you.
The jackal bites you but does no damage.
You slash the goblin!
You kill the goblin!
You barely miss the jackal. You closely miss the leopard gecko.
The jackal completely misses you. The leopard gecko bites you.
The jackal bites you but does no damage.
The leopard gecko bites you.
You die...

....#...#...#...
.....#.....#....
......#...#.....
...............
######...<...###
.................
.......#...#.....
......#.....#....
....#h@.#...#...
...#.)l.#....#..
..#.h...#.....#.
.#......#......
........# .....
.........# ....
?....(....
##........


You could see a leopard gecko and 2 jackals.

Vanquished Creatures
  A giant cockroach (D:1)
  2 goblins (D:1)
  A hobgoblin (D:1)
  2 jackals (D:1)
  A frilled lizard (D:1)
7 creatures vanquished.

Notes
Turn   | Place    | Note
-------+----------+-------------------------------------------
     0 | D:1      | Duffy the Naga Gladiator began the quest for the Orb.
     0 | D:1      | Reached XP level 1. HP: 19/19 MP: 1/1
    10 | D:1      | Reached XP level 2. HP: 12/26 MP: 2/2
    14 | D:1      | HP: 1/26 [leopard gecko (3)]
    14 | D:1      | Slain by a leopard gecko

Vault maps used:
D:1:      minmay_arrival_radiant_lines, supply_closet_lemuel, minmay_cupped

Action                   || total
-------------------------++-------
Melee: War axe           ||    11
Armor: Leather armour    ||     4
Dodge: Dodged            ||     7

Table legend:
 A = Non-vault XP
 B = Vault XP
 C = Vault XP percentage of total XP
 D = Non-vault monster count
 E = Vault monster count
 F = Vault count percentage of total count
                 A         B        C        D         E       F
            +---------+---------+-------+---------+---------+-------
      Total |      13 |       0 |   0.0 |       7 |       0 |   0.0
            +---------+---------+-------+---------+---------+-------
        D:1 |      13 |       0 |   0.0 |       7 |       0 |   0.0
            +---------+---------+-------+---------+---------+-------
